Map: [ESL] Inside and Out

Players

HeroMarine

  • Race: Terran Terran
  • Spawn Location: 1:00

Solar - Winner!

  • Race: Zerg Zerg
  • League: Master
  • Spawn Location: 7:00

VOD

Have the link to the VOD?

Description

Time

  • Played on: Nov. 3, 2022, 10:58 a.m.
  • Length: 12:10
Show
View Real Time Build Order
Export as new Build Order

HeroMarine Terran 

Build Orders: Command Center First (CC), Hellion Banshee 

Get SALT Encoding   

  12  0:00  SCV  
  13  0:12  SCV  
  14  0:17  Supply Depot  
  14  0:24  SCV  
  15  0:38  SCV  
  16  0:50  SCV  
  17  0:58  Command Center  
  17  1:03  SCV  
  18  1:11  Barracks  
  18  1:15  SCV  
  19  1:20  Refinery  
  19  1:27  SCV  
  19  1:28  Refinery  
  20  1:39  SCV  
  21  1:51  SCV  
  22  1:58  Reaper  
  23  2:03  Orbital Command  
  23  2:11  Orbital Command  
  23  2:17  Factory  
  23  2:29  SCV  
  24  2:30  Barracks Reactor  
  24  2:38  SCV  
  24  2:41  SCV  
  26  2:47  Command Center  
  26  2:50  SCV  
  27  2:53  SCV  
  28  3:01  Starport  
  28  3:02  SCV  
  28  3:03  Supply Depot  
  28  3:05  SCV  
  30  3:10  Hellion  
  32  3:14  Hellion, Barracks Tech Lab  
  32  3:16  SCV  
  32  3:17  SCV  
  36  3:27  Supply Depot  
  36  3:28  SCV  
  36  3:30  SCV  
  36  3:32  Hellion  
  40  3:36  Hellion  
  42  3:42  SCV  
  42  3:47  Banshee, Cloaking Field  
  42  3:48  Barracks Tech Lab  
  46  3:51  SCV  
  46  3:54  SCV  
  48  3:57  Hellion x2  
  48  4:00  Orbital Command  
  52  4:06  Stimpack  
  52  4:07  SCV x2  
  52  4:08  Marine  
  55  4:17  Supply Depot  
  55  4:19  SCV x2  
  55  4:20  Hellion x2  
  61  4:26  Marine  
  61  4:29  SCV  
  66  4:31  SCV x2, Banshee  
  68  4:39  Supply Depot  
  68  4:41  Orbital Command  
  68  4:43  SCV  
  69  4:46  Barracks, SCV  
  69  4:50  Factory Reactor  
  70  4:54  Barracks  
  70  4:55  SCV, Marine  
  70  4:57  Engineering Bay x2  
  70  4:58  Refinery x2  
  72  5:00  SCV  
  72  5:02  Supply Depot  
  73  5:07  SCV  
  73  5:08  SCV  
  73  5:12  SCV  
  73  5:13  Marine  
  77  5:19  SCV  
  77  5:20  SCV  
  77  5:24  SCV  
  77  5:25  Terran Infantry Armor Level 1, Terran Infantry Weapons Level 1  
  78  5:29  Starport Reactor  
  78  5:31  SCV, Marine  
  78  5:33  SCV  
  81  5:36  SCV  
  80  5:44  SCV  
  80  5:45  SCV  
  80  5:46  Marine  
  80  5:47  Barracks, Siege Tank, Marine  
  80  5:48  Barracks, Marine, SCV  
  89  5:55  Supply Depot x2, Marine x2  
  89  5:56  SCV  
  92  5:57  SCV  
  92  6:00  SCV  
  92  6:04  Refinery, Armory, Marine  
  92  6:05  Refinery, Combat Shield  
  93  6:16  SCV x3, Medivac x2  
  100  6:18  Supply Depot  
  100  6:20  Supply Depot  
  100  6:27  Barracks  
  100  6:28  Barracks, SCV x3  
  100  6:30  Barracks, Marine  
  100  6:31  Marine x2  
  100  6:32  Marine x2  
  108  6:37  Barracks Reactor x2  
  108  6:40  Siege Tank  
  108  6:41  Supply Depot  
  108  6:42  Supply Depot  
  111  6:48  Supply Depot, Marine x2  
  111  6:49  Marine  
  111  6:50  Supply Depot, Marine x2  
  116  6:56  Medivac x2  
  120  7:06  Marine x2  
  120  7:07  SCV, Marine  
  120  7:08  Marine x2  
  124  7:12  Supply Depot  
  126  7:15  Barracks Reactor  
  126  7:16  Barracks Reactor  
  126  7:17  Barracks Reactor, Supply Depot  
  126  7:18  Siege Tank, Marine x2  
  126  7:20  Terran Infantry Weapons Level 2, Marine x2  
  126  7:22  Terran Infantry Armor Level 2  
  133  7:24  Marine x2  
  133  7:25  Marine  
  133  7:26  Marine x2  
  138  7:34  Medivac x2  
  138  7:36  Marine x2  
  144  7:38  Marine x2  
  144  7:40  Supply Depot  
  144  7:42  Marine x2  
  144  7:43  Marine  
  144  7:44  Marine x2  
  151  7:52  Marine x2  
  151  7:53  Marine x2  
  151  7:54  Supply Depot, Siege Tank, Marine x4  
  151  7:55  Marine  
  151  7:56  Marine  
  164  7:59  Marine  
  164  8:00  Marine  
  164  8:01  Marine x2  
  164  8:02  Marine  
  169  8:10  Marine x2  
  169  8:11  Marine x3  
  169  8:12  Marine x2  
  175  8:13  Marine  
  175  8:15  Marine x2  
  175  8:16  Medivac  
  175  8:17  Marine  
  175  8:19  Medivac  
  184  8:22  Marine x4  
  188  8:33  Terran Vehicle Weapons Level 1, Supply Depot  
  188  8:35  Supply Depot  
  188  8:40  Siege Tank  
  188  8:45  Marine x2  
  188  8:47  Marine x2  
  182  8:49  Marine x2  
  182  8:53  Marine x2  
  182  8:54  Marine x4  
  182  8:55  Marine x3  
  136  9:03  Marine x2  
  136  9:04  Marine  
  136  9:05  Marine  
  136  9:07  Marine x2  
  142  9:10  Marine  
  142  9:11  Marine  
  142  9:12  Marine x4  
  142  9:13  Marine x3  
  149  9:19  Medivac x2  
  149  9:20  Marine  
  149  9:21  Marine  
  149  9:22  Marine x2  
  145  9:24  Marine x2  
  145  9:28  Marine x2  
  145  9:29  Marine  
  145  9:30  Marine  
  138  9:32  Marine x4  
  138  9:33  Siege Tank, Marine  
  143  9:38  Marine x2  
  143  9:40  Marine x2  
  143  9:42  Marine  
  143  9:44  Marine  
  149  9:46  Marine x2  
  149  9:49  Medivac x2  
  149  9:50  Marine  
  149  9:51  Marine  
  157  9:58  Factory, Marine x5  
  162  10:04  Marine  
  162  10:05  Siege Tank  
  166  10:09  Marine x2  
  166  10:14  Sensor Tower  
  168  10:15  Marine x5  
  168  10:16  Marine  
  168  10:17  Marine  
  175  10:27  Marine x6  
  177  10:36  Marine x2  
  177  10:37  Siege Tank  
  177  10:40  Medivac  
  177  10:41  Medivac  
  186  10:44  Marine x3  
  189  10:52  Factory Tech Lab  
  189  10:55  Marine x3  
  192  11:01  Marine x2  
  192  11:02  Marine  
  192  11:03  Marine  
  186  11:07  Marine x3  
  186  11:08  Marine x3  
  186  11:10  Medivac, Siege Tank  
  186  11:11  Medivac, Siege Tank, Marine  
  199  11:16  Marine x2  
  197  11:22  Marine x2  
  191  11:29  Marine x2  
  191  11:30  Marine x2  
  189  11:33  Marine x5  
  189  11:37  Marine x2  
  191  11:44  Marine x3  
  191  11:45  Marine  
  164  11:47  Marine  
  164  11:48  Marine x2  
  164  11:49  Marine  
Show
View Real Time Build Order
Export as new Build Order

Solar Zerg - Winner!

Build Orders: Hatch First 

Get SALT Encoding   

  12  0:00  Drone  
  13  0:12  Overlord  
  13  0:17  Drone  
  14  0:31  Drone x2  
  16  0:47  Hatchery  
  15  0:51  Drone  
  15  0:54  Drone  
  17  0:57  Drone  
  18  1:08  Extractor  
  17  1:13  Spawning Pool  
  17  1:16  Drone  
  17  1:19  Drone  
  18  1:27  Drone  
  19  1:38  Drone  
  20  1:49  Drone  
  21  1:59  Queen  
  21  2:00  Queen  
  25  2:06  Drone x2  
  27  2:10  Overlord  
  27  2:21  Drone  
  27  2:22  Hatchery  
  27  2:24  Drone  
  28  2:30  Drone  
  28  2:35  Queen, Drone  
  32  2:41  Overlord  
  32  2:44  Metabolic Boost  
  32  2:47  Drone  
  32  2:49  Drone  
  34  2:53  Drone x2  
  36  3:04  Drone x2  
  38  3:09  Drone x3  
  38  3:11  Queen  
  43  3:14  Overlord  
  43  3:19  Queen, Extractor  
  45  3:25  Overlord  
  45  3:34  Queen, Drone x3  
  48  3:39  Zergling x4  
  48  3:40  Zergling x2  
  53  3:43  Drone x3  
  53  3:44  Drone  
  53  3:47  Drone  
  53  3:48  Drone  
  59  3:51  Queen  
  61  3:56  Overlord  
  61  3:57  Zergling x2  
  61  4:00  Drone x2  
  64  4:04  Drone  
  64  4:07  Overlord  
  65  4:13  Queen  
  65  4:14  Queen  
  65  4:15  Drone x2  
  65  4:17  Drone  
  72  4:18  Drone x2  
  72  4:24  Overlord  
  74  4:27  Drone x4  
  74  4:29  Drone  
  74  4:30  Lair  
  79  4:34  Drone, Extractor  
  79  4:35  Spore Crawler, Extractor  
  79  4:36  Spore Crawler  
  79  4:38  Drone  
  77  4:40  Drone x2  
  77  4:41  Drone  
  77  4:44  Spore Crawler  
  79  4:46  Drone  
  82  4:52  Drone x2  
  82  4:54  Drone  
  82  4:55  Baneling Nest, Drone x2  
  82  4:56  Overlord  
  82  4:59  Evolution Chamber  
  83  5:00  Drone  
  83  5:02  Extractor, Evolution Chamber  
  83  5:03  Drone, Extractor  
  83  5:04  Drone  
  83  5:05  Drone x2  
  86  5:07  Drone  
  86  5:12  Drone  
  86  5:13  Drone  
  88  5:17  Drone  
  87  5:25  Zergling x10  
  92  5:28  Drone  
  92  5:33  Overseer  
  92  5:34  Overlord  
  92  5:35  Hatchery  
  91  5:36  Drone  
  91  5:37  Drone x2  
  91  5:42  Drone x5  
  93  5:47  Drone  
  93  5:52  Drone x2  
  94  5:57  Zerg Ground Armor Level 1, Zerg Melee Weapons Level 1  
  94  5:59  Zergling x2  
  94  6:00  Zergling x12  
  94  6:02  Centrifugal Hooks  
  101  6:07  Overlord  
  101  6:10  Drone x2  
  101  6:11  Drone x2  
  105  6:14  Overlord  
  104  6:21  Hydralisk Den  
  104  6:22  Drone x2  
  105  6:26  Overlord  
  105  6:28  Baneling  
  105  6:29  Baneling x8  
  105  6:31  Zergling x6, Baneling  
  105  6:32  Zergling x2  
  109  6:35  Zergling x10  
  109  6:37  Overlord  
  109  6:38  Zergling x4  
  116  6:44  Spore Crawler  
  116  6:45  Zergling x2  
  116  6:48  Drone  
  116  6:49  Drone  
  116  6:50  Drone, Extractor  
  116  6:51  Muscular Augments  
  118  6:59  Zergling x8, Baneling x2  
  122  7:04  Drone  
  122  7:05  Hatchery  
  122  7:07  Drone x2  
  122  7:10  Zergling x16  
  122  7:11  Drone  
  122  7:15  Drone  
  131  7:20  Drone x3  
  131  7:21  Drone, Overlord  
  135  7:24  Baneling x2, Hydralisk  
  137  7:31  Hydralisk x2  
  137  7:34  Overlord  
  137  7:35  Zergling x6  
  143  7:39  Overlord x3  
  143  7:40  Zergling x2  
  143  7:43  Drone x2  
  146  7:47  Baneling x3  
  146  7:49  Hydralisk x2  
  146  7:51  Overlord  
  150  7:52  Zergling x8  
  150  7:54  Drone  
  150  7:57  Zerg Melee Weapons Level 2, Zerg Ground Armor Level 2  
  155  7:59  Zergling x8  
  155  8:00  Baneling x3  
  155  8:01  Baneling  
  155  8:02  Grooved Spines  
  155  8:04  Pneumatized Carapace  
  159  8:06  Drone  
  159  8:08  Zergling x8  
  159  8:09  Zergling x2  
  159  8:10  Zergling x2, Infestation Pit  
  159  8:11  Zergling x2  
  159  8:12  Zergling x2  
  167  8:16  Baneling x8  
  167  8:17  Spore Crawler, Drone  
  166  8:22  Hydralisk x3  
  166  8:26  Zergling x8  
  171  8:28  Extractor  
  171  8:29  Zergling x8  
  171  8:33  Baneling x5  
  166  8:36  Zergling x10  
  166  8:38  Zergling x6  
  175  8:41  Zergling x6  
  175  8:46  Zergling x4  
  167  8:49  Hydralisk x3  
  167  8:53  Zergling x4  
  152  8:58  Zergling x8  
  152  9:02  Zergling x8  
  147  9:04  Hive  
  147  9:07  Zergling x2  
  147  9:08  Zergling x4  
  147  9:09  Baneling x9  
  150  9:12  Zergling x4  
  144  9:21  Zergling x8  
  144  9:22  Overseer  
  137  9:25  Hydralisk x3  
  137  9:30  Zergling x8  
  142  9:31  Queen  
  142  9:36  Drone x3  
  142  9:37  Drone, Lurker Den  
  147  9:39  Zergling x6, Baneling x10  
  147  9:43  Zergling x10  
  147  9:44  Zergling x2  
  156  9:49  Zergling x2  
  157  9:54  Zergling x6  
  157  9:57  Overlord  
  157  9:58  Zergling x6  
  163  10:01  Baneling x3  
  163  10:02  Zergling x6  
  163  10:06  Zergling x10  
  171  10:14  Zergling x4  
  173  10:16  Baneling x8  
  173  10:19  Baneling x5, Viper, Overlord  
  173  10:20  Viper  
  179  10:23  Zergling x2  
  179  10:26  Zergling x2  
  179  10:27  Zergling x16  
  179  10:28  Adrenal Glands  
  187  10:30  Overlord  
  187  10:33  Drone x3  
  190  10:36  Overlord  
  190  10:38  Overlord  
  190  10:39  Zergling x4  
  192  10:43  Zergling x2  
  192  10:44  Zergling x6  
  192  10:47  Zergling x2  
  197  10:51  Zergling x6  
  197  10:54  Extractor  
  197  10:57  Baneling x9, Hatchery  
  198  11:00  Zergling x12, Hydralisk x2  
  198  11:01  Zergling x4  
  199  11:08  Zergling x6  
  200  11:15  Zergling x4  
  200  11:17  Zergling x6  
  200  11:21  Zergling x14  
  200  11:23  Lurker x2  
  200  11:24  Baneling x10  
  200  11:25  Zergling x4  
  200  11:31  Zergling x4  
  199  11:35  Zergling x2  
  185  11:47  Zergling x10  
  185  11:50  Zergling x12  
Tags
 
Add a new tag
Caveats
  • Supply blocks, unpowered buildings, or Contaminate may cause inaccurate times.
  • Supply counts are checked every 10 seconds.